 Dungeon Crawl Stone Soup version 0.29-a0-284-gf9362112df (webtiles) character file.

Game seed: 12354195345789897060

124282 holysushi the Bludgeoner (level 16, -1/139 HPs)
             Began as a Demonspawn Gladiator on Mar 19, 2022.
             Was a High Priest of Okawaru.
             Slain by a storm dragon (13 damage)
             ... on level 14 of the Dungeon.
             The game lasted 01:10:30 (34200 turns).

holysushi the Bludgeoner (Demonspawn Gladiator)    Turns: 34200, Time: 01:10:30

Health: -1/139     AC: 45    Str: 29    XL:     16   Next: 38%
Magic:  20/22      EV: 15    Int: 17    God:    Okawaru [*****.]
Gold:   265        SH:  7    Dex: 23    Spells: 23/23 levels left

rFire   . . .      SeeInvis .   K - +7 sceptre of Torment {pain, torment}
rCold   + + .      Faith    .   B - +0 buckler
rNeg    + . .      Spirit   .   x - +15 Maxwell's patent armour {-Cast -Tele rElec Will+ rCorr}
rPois   +          Reflect  .   u - -2 hat of the Alchemist {rElec rPois rF+ rC+ rN+ Will+ rMut rCorr}
rElec   +          Harm     .   S - +0 cloak
rCorr   +          Rampage  .   J - +3 pair of gauntlets of War {Slay+5}
rMut    +          NoTele   +   q - +2 pair of boots of Fallacy {rPois Will+}
Will    +++++      NoCast   +   (no amulet)
Stlth   ..........              i - ring of Jealousy {rElec rF- Str+8 Dex+6 Stlth-}
HPRegen 0.33/turn               N - ring "Pagin" {Will+ AC+4 Int+6 Dex+2}
MPRegen 0.18/turn

@: heroic
A: antennae 2, icy blue scales 3, spiny 1, augmentation 1, demonic magic 1
a: Renounce Religion, Heroism, Finesse, Duel


You were on level 14 of the Dungeon.
You worshipped Okawaru.
Okawaru was extremely pleased with you.
You visited 5 branches of the dungeon, and saw 28 of its levels.
You also visited: Bailey.

You collected 3921 gold pieces.
You spent 3656 gold pieces at shops.

Inventory:

Hand Weapons
 E - a +6 dire flail of protection
 K - the +7 sceptre of Torment (weapon) {pain, torment}
   (You bought it in a shop on level 1 of the Dungeon)

   In the hands of one skilled in necromantic magic, it inflicts extra damage on
   living creatures.
   It occasionally torments all nearby living foes when it strikes in combat.
 U - a +1 demon whip of venom
Missiles
 d - 3 throwing nets
 e - 3 javelins (quivered)
Armour
 q - the +2 pair of boots of Fallacy (worn) {rPois Will+}
   (You found it in a bailey)

   rPois:     It protects you from poison.
   Will:      It increases your willpower.
 u - the -2 hat of the Alchemist (worn) {rElec rPois rF+ rC+ rN+ Will+ rMut rCorr}
   (You bought it in a shop on level 2 of the Orcish Mines)

   rF:        It protects you from fire.
   rC:        It protects you from cold.
   rElec:     It insulates you from electricity.
   rPois:     It protects you from poison.
   rN:        It protects you from negative energy.
   rCorr:     It protects you from acid and corrosion.
   rMut:      It protects you from mutation.
   Will:      It increases your willpower.
 x - the +15 Maxwell's patent armour (worn) {-Cast -Tele rElec Will+ rCorr}
   (You took it off an orc in a bailey)

   rElec:     It insulates you from electricity.
   -Cast:     It prevents spellcasting.
   -Tele:     It prevents most forms of teleportation.
   rCorr:     It protects you from acid and corrosion.
   Will:      It increases your willpower.
 B - a +0 buckler (worn)
 J - the +3 pair of gauntlets of War (worn) {Slay+5}
   (You bought it in a shop on level 2 of the Orcish Mines)

   Slay:      It affects your accuracy & damage with ranged weapons and melee
   (+5).
 S - a +0 cloak (worn)
Jewellery
 a - a ring of flight
 i - the ring of Jealousy (left hand) {rElec rF- Str+8 Dex+6 Stlth-}
   (You acquired it on level 6 of the Lair of Beasts)

   [ring of dexterity]

   Str:       It affects your strength (+8).
   Dex:       It affects your dexterity (+6).
   rF:        It makes you vulnerable to fire.
   rElec:     It insulates you from electricity.
   Stlth:     It makes you less stealthy.
 j - a +6 ring of dexterity
 r - a +6 ring of strength
 t - a ring of resist corrosion
 N - the ring "Pagin" (right hand) {Will+ AC+4 Int+6 Dex+2}
   (You found it on level 1 of the Lair of Beasts)

   [ring of protection]

   AC:        It affects your AC (+4).
   Int:       It affects your intelligence (+6).
   Dex:       It affects your dexterity (+2).
   Will:      It increases your willpower.
 T - a ring of positive energy
Wands
 m - a wand of digging (7)
 o - a wand of acid (1)
 p - a wand of iceblast (40)
 I - a wand of charming (15)
 M - a wand of flame (80)
 W - a wand of paralysis (4)
Scrolls
 c - 2 scrolls of summoning
 f - 8 scrolls of identify
 h - 5 scrolls of vulnerability
 l - 7 scrolls of amnesia
 n - 10 scrolls of teleportation
 v - 4 scrolls of magic mapping
 w - 3 scrolls of fog
 y - 3 scrolls of fear
 A - a scroll of torment
 G - 8 scrolls of blinking
 H - a scroll of immolation
 O - 2 scrolls of silence
 Y - 3 scrolls of enchant weapon
Potions
 b - 4 potions of brilliance
 g - 2 potions of flight
 k - a potion of heal wounds
 z - 8 potions of curing
 F - a potion of magic
 L - 2 potions of attraction
 P - a potion of ambrosia
 Q - 3 potions of haste
 R - a potion of might
 V - a potion of berserk rage
 X - a potion of mutation
Miscellaneous
 s - a lightning rod (4/4)


   Skills:
 - Level 16.6(17.6) Fighting
 - Level 3.2(12.5) Axes
 - Level 16.8(18.0) Maces & Flails
 - Level 1.7(5.8) Throwing
 + Level 10.6(11.6) Armour
 + Level 9.7(10.7) Dodging
 - Level 1.3(5.6) Stealth
 - Level 4.0(7.0) Shields
 - Level 4.1(2.0) Spellcasting
 + Level 6.5(3.2) Invocations


You had 23 spell levels left.
You didn't know any spells.
Your spell library contained the following spells:

 Spells                   Type           Power      Damage    Failure   Level
 Foxfire                  Conj/Fire      4%         2x1d4     86%         1
 Corpse Rot               Necr/Air       2%         N/A       95%         2
 Sublimation of Blood     Necr           1%         N/A       95%         2
 Wereblood                Tmut           1%         N/A       95%         2
 Confusing Touch          Hex            1%         N/A       99%         3
 Conjure Flame            Conj/Fire      1%         6-21      99%         3
 Gell's Gravitas          Tloc           1%         N/A       99%         3
 Ignite Poison            Fire/Tmut/Pois 1%         N/A       99%         3
 Inner Flame              Hex/Fire       1%         N/A       99%         3
 Lesser Beckoning         Tloc           1%         N/A       99%         3
 Mephitic Cloud           Conj/Pois/Air  1%         N/A       99%         3
 Ozocubu's Armour         Ice            1%         N/A       99%         3
 Portal Projectile        Hex/Tloc       2%         N/A       99%         3
 Stone Arrow              Conj/Erth      2%         3d7       99%         3
 Teleport Other           Tloc           1%         N/A       99%         3
 Dispel Undead            Necr           1%         3d6       100%        4
 Flame Wave               Conj/Fire      1%         2d4       100%        4
 Fulminant Prism          Conj/Hex       0%         3d6       100%        4
 Hailstorm                Conj/Ice       1%         3d3       100%        4
 Ice Form                 Ice/Tmut       1%         N/A       100%        4
 Iskenderun's Mystic Bla  Conj/Tloc      1%         2d3       100%        4
 Alistair's Intoxication  Tmut/Pois      0%         N/A       100%        5
 Blade Hands              Tmut           0%         N/A       100%        5
 Borgnjor's Vile Clutch   Necr/Erth      0%         N/A       100%        5
 Excruciating Wounds      Necr           0%         N/A       100%        5
 Freezing Cloud           Conj/Ice/Air   0%         6-21      100%        5
 Irradiate                Conj/Tmut      0%         3d13      100%        5
 Lee's Rapid Deconstruct  Erth           0%         3d5*      100%        5
 Metabolic Englaciation   Hex/Ice        0%         N/A       100%        5
 Yara's Violent Unravell  Hex/Tmut       0%         3d3       100%        5
 Dispersal                Tloc           0%         N/A       100%        6
 Eringya's Noxious Bog    Tmut/Pois      0%         N/A       100%        6
 Dragon Form              Tmut           0%         N/A       100%        7
 Enfeeble                 Hex            0%         N/A       100%        7
 Disjunction              Tloc           0%         N/A       100%        8
 Lehudib's Crystal Spear  Conj/Erth      0%         10d2      100%        8
 Chain Lightning          Conj/Air       0%         2d1       100%        9
 Fire Storm               Conj/Fire      0%         6d1       100%        9
 Shatter                  Erth           0%         3d5*      100%        9
 Summon Small Mammal      Summ           Unusable   N/A       N/A         1
 Call Canine Familiar     Summ           Unusable   N/A       N/A         3
 Summon Guardian Golem    Hex/Summ       Unusable   N/A       N/A         3
 Animate Armour           Summ/Erth      Unusable   N/A       N/A         4
 Summon Ice Beast         Ice/Summ       Unusable   N/A       N/A         4
 Summon Forest            Summ/Tloc      Unusable   N/A       N/A         5
 Summon Mana Viper        Hex/Summ       Unusable   N/A       N/A         5
 Death Channel            Necr           Unusable   N/A       N/A         6
 Simulacrum               Ice/Necr       Unusable   N/A       N/A         6
 Monstrous Menagerie      Summ           Unusable   N/A       N/A         7
 Summon Hydra             Summ           Unusable   N/A       N/A         7

Dungeon Overview and Level Annotations

Branches:
Dungeon (15/15)            Temple (1/1) D:4            Lair (6/6) D:10
  Swamp (4/4) Lair:2       Spider (0/4) Lair:2        Slime (0/5) Lair:6
    Orc (2/2) D:11            Elf (0/3) Orc:2        Vaults (0/5) D:14
 Bailey (visited)
 Depths: D:15

Altars:
Ashenzari
Cheibriados
Dithmenos
Elyvilon
Fedhas
Gozag
Hepliaklqana
Kikubaaqudgha
Makhleb
Nemelex Xobeh
Okawaru
Qazlal
Ru
Sif Muna
Trog
Uskayaw
Vehumet
Wu Jian
Xom
Yredelemnul
Zin
The Shining One
Beogh

Shops:
D:1 (   D:4 *   D:11 [   D:13 *   Orc:2 *[((*

Portals:
Trove: D:11 (give 6 scrolls of fear)

Annotations:
D:5 exclusion: downstairs


Innate Abilities, Weirdness & Mutations

You have a pair of antennae on your head.
You are completely covered in icy blue scales. (AC +4, rC+)
You are partially covered in sharp spines.
Your magical and physical power is slightly enhanced at high health.
Spells you cast may paralyse adjacent enemies.


Message History

The storm dragon tramples you.
You hold your ground!
The storm dragon is struck by your spines.
The storm dragon closely misses you.
The storm dragon claws you but does no damage.
You block the storm dragon's attack.
The catoblepas is struck by your spines.
The catoblepas gores you!
The fire dragon bites you but does no damage.
The fire dragon misses you. The fire dragon closely misses you.
The catoblepas attacks as you move away!
The catoblepas completely misses you. The storm dragon closely misses you.
The storm dragon claws you but does no damage.
The storm dragon barely misses you. You block the fire dragon's attack.
The fire dragon claws you but does no damage.
The fire dragon tramples you but does no damage.
The storm dragon bites you!
* * * LOW HITPOINT WARNING * * *
The storm dragon barely misses you.
The storm dragon tramples you but does no damage.
The fire dragon is struck by your spines.
The fire dragon bites you.
* * * LOW HITPOINT WARNING * * *
The fire dragon claws you but does no damage.
The fire dragon tramples you but does no damage.
The catoblepas is struck by your spines.
The catoblepas gores you but does no damage.
There is a transporter landing site, spattered with blood here.
You see here a moth of wrath corpse.
The fire dragon attacks as you move away!
The fire dragon misses you. x2; The fire dragon closely misses you.
The catoblepas attacks as you move away!
The catoblepas gores you but does no damage.
The storm dragon misses you.
The storm dragon claws you but does no damage.
The storm dragon tramples you!
* * * LOW HITPOINT WARNING * * *
You stumble backwards!
The storm dragon is struck by your spines.
The storm dragon misses you. The storm dragon claws you!
You die...

#.....................#.....#....
#.........####.©.####......##....
#.......###. #####..##.....#.....
#....).##..#.?!!=$...#.....#.....
#.#'##)#....###[..##.##....#..###
#.#..))##.#.....#.....#....#..#
#.#.....#(..#..DY.##..#....#..#
#.#...#.#..##..#D.....#.####..#
#.#...#.#....#..@#.÷.##.......#
..#...#.##......#...©#........#
..#...#..##.###..#####........#
..#...#...###©####............#
..#...'.....÷.................#
#.#####..........#########'#..#
#.......>(...#...#.........#..#
#............#...#.........#..#
#............#...+.........#..#


You could see a storm dragon (berserk), a fire dragon (berserk) and a catoblepas
(berserk).

Vanquished Creatures
  Kirke (D:13)
  A thorn hunter (Swamp:3)
  A fenstrider witch (Swamp:4)
  The ghost of relicbr the Unseen, a journeyman NaIE of Vehumet (D:14)
  A ghoul (Swamp:4)
  2 eleionomae
  2 bunyips (Swamp:4)
  2 shambling mangroves
  A fire dragon (D:14)
  Fannar (Orc:1)
  An ice dragon (Lair:6)
  2 boulder beetles
  A naga warrior (D:13)
  11 hydras
  5 ogre magi
  A vault guard (D:14)
  Erolcha (D:12)
  7 catoblepae
  A death knight (D:11)
  2 centaur warriors
  An anaconda (D:13)
  10 alligators
  3 death yaks (Lair:3)
  17 two-headed ogres
  Nergalle (Lair:1)
  A fire crab (Lair:6)
  Sonja (Orc:2)
  A slime creature (D:12)
  A soul eater (Swamp:4)
  Amaemon (Lair:3)
  A sixfirhy (Swamp:4)
  3 goliath frogs
  A skeletal warrior (D:14)
  7 spriggan druids
  A naga ritualist (D:13)
  4 bog bodies
  A wizard (Swamp:4)
  A swamp dragon (Swamp:4)
  2 lindwurms (Lair:6)
  4 orc knights
  Pikel (D:6)
  A deep elf pyromancer (D:14)
  2 manticores
  9 ugly things
  2 orc sorcerers
  A cyclops (Orc:1)
  5 black mambas
  A moth of wrath (D:14)
  5 torpor snails (Lair:6)
  2 orange demons
  8 cane toads
  3 rime drakes
  An unseen horror (D:13)
  A kobold demonologist (D:12)
  8 komodo dragons
  A freezing wraith (D:11)
  A hellwing (Swamp:4)
  A bloated husk (Swamp:1)
  7 trolls
  16 tyrant leeches
  2 polar bears
  14 blink frogs
  Prince Ribbit (D:7)
  Grinder (D:6)
  22 hornets
  A shadow (D:10)
  17 spriggans
  5 wraiths
  Eustachio (D:6)
  3 vampires
  2 wyverns
  41 yaks
  4 basilisks
  A neqoxec (Swamp:4)
  3 steam dragons
  7 hogs (D:13)
  15 vampire mosquitoes
  Edmund (D:6)
  11 swamp worms
  2 wargs (Orc:2)
  3 acid dragons
  8 water moccasins
  3 swamp drakes
  5 sky beasts
  24 orc warriors
  2 black bears
  28 ogres
  17 wolves
  19 centaurs
  3 lemures (D:6)
  2 phantoms
  3 kobold brigands
  13 bullfrogs
  A gnoll sergeant (D:8)
  3 necrophages
  2 scorpions
  7 wights
  6 killer bees (D:7)
  2 electric eels (D:14)
  3 howler monkeys
  A lava snake (D:11)
  2 jellies
  8 hounds
  16 orc priests
  6 iguanas
  22 orc wizards
  12 hell rats
  7 gnolls
  3 adders
  A shadow imp (D:8)
  A white imp (D:6)
  2 ufetubi (D:6)
  2 worms
  2 dart slugs
  112 orcs
  4 bats (D:1)
  6 endoplasms
  7 giant cockroaches
  10 goblins
  6 hobgoblins
  19 kobolds
  2 quokkas
  10 ball pythons
  3 frilled lizards
  6 rats
  A plant (Lair:6)
762 creatures vanquished.

Vanquished Creatures (others)
  2 spriggan druids
  A wizard (Swamp:4)
  5 bloated husks
  A hornet (Swamp:1)
  2 briar patches (Swamp:3)
  11 fungi
  52 plants
74 creatures vanquished.

Grand Total: 836 creatures vanquished

Notes
Turn   | Place    | Note
-------+----------+-------------------------------------------
     0 | D:1      | holysushi the Demonspawn Gladiator began the quest for the
                  | Orb.
     0 | D:1      | Reached XP level 1. HP: 16/16 MP: 1/1
   326 | D:1      | Gained mutation: You are partially covered in icy blue
                  | scales. (AC +2) [demonic ancestry]
   326 | D:1      | Reached XP level 2. HP: 22/22 MP: 2/2
   380 | D:1      | Found Idunalli's Weapon Boutique.
  1178 | D:1      | Reached skill level 1 in Maces & Flails
  1871 | D:2      | Reached XP level 3. HP: 23/27 MP: 3/3
  2925 | D:3      | Noticed a necrophage
  2982 | D:3      | Killed a necrophage
  2983 | D:3      | Reached skill level 1 in Armour
  2983 | D:3      | Gained mutation: You are partially covered in sharp spines.
                  | [demonic ancestry]
  2983 | D:3      | Reached XP level 4. HP: 25/33 MP: 4/4
  3192 | D:3      | Identified the +3 chain mail "Xud Iwuy" {Int+4}
  3364 | D:3      | Found a faded altar of an unknown god.
  3624 | D:3      | Prayed at the altar of an unknown god.
  3624 | D:3      | Became a worshipper of Ashenzari the Shackled
  3660 | D:4      | Found Fekk's Assorted Antiques.
  3665 | D:4      | Bought a blue potion for 19 gold pieces
  3665 | D:4      | Bought a scroll labelled RUAXUSIU INLOHE for 22 gold pieces
  3665 | D:4      | Bought a scroll labelled HUHOSI ZADUI for 22 gold pieces
  3665 | D:4      | Bought a scroll labelled OMYAFATHRUUM for 22 gold pieces
  3673 | D:4      | Found a staircase to the Ecumenical Temple.
  3732 | D:4      | Noticed a scorpion
  3740 | D:4      | Killed a scorpion
  3741 | D:4      | Gained mutation: You have a pair of small antennae on your
                  | head. [demonic ancestry]
  3741 | D:4      | Reached XP level 5. HP: 35/38 MP: 5/5
  3910 | D:4      | Noticed a phantom
  3923 | D:4      | Killed a phantom
  3924 | D:4      | Gained mutation: You are mostly covered in icy blue scales.
                  | (AC +3) [demonic ancestry]
  3924 | D:4      | Reached XP level 6. HP: 38/44 MP: 6/6
  4378 | D:4      | Bought a pair of runed gloves for 165 gold pieces
  4400 | D:5      | Entered Level 5 of the Dungeon
  4479 | D:5      | Reached skill level 5 in Maces & Flails
  4536 | D:5      | Reached * piety under Ashenzari
  4657 | D:5      | Noticed a sky beast
  4662 | D:5      | Gained mutation: You are completely covered in icy blue
                  | scales. (AC +4, rC+) [demonic ancestry]
  4662 | D:5      | Reached XP level 7. HP: 45/50 MP: 2/7
  5337 | D:5      | Reached ** piety under Ashenzari
  5344 | D:5      | Found a sparkling altar of Nemelex Xobeh.
  5344 | D:5      | Found an iron altar of Okawaru.
  5722 | D:6      | Noticed Eustachio
  5725 | D:6      | Noticed Pikel
  5946 | D:6      | Gained mutation: You have a pair of antennae on your head.
                  | [demonic ancestry]
  5946 | D:6      | Reached XP level 8. HP: 58/58 MP: 6/8
  6067 | D:6      | Killed Pikel
  6076 | D:6      | Noticed Edmund
  6090 | D:6      | Killed Edmund
  6665 | D:6      | Noticed Grinder
  6682 | D:6      | Killed Grinder
  6683 | D:6      | Reached skill level 5 in Fighting
  6683 | D:6      | Reached XP level 9. HP: 68/68 MP: 3/9
  6905 | D:6      | Killed Eustachio
  7037 | D:7      | Noticed Prince Ribbit
  7044 | D:7      | Killed Prince Ribbit
  7060 | D:7      | Found a flagged portal.
  7123 | D:7      | Reached skill level 10 in Maces & Flails
  7191 | Bailey   | Entered a bailey
  7314 | Bailey   | Noticed an orc knight
  7314 | Bailey   | Noticed an orc knight
  7452 | Bailey   | Killed an orc knight
  7667 | Bailey   | Noticed an orc knight
  7728 | Bailey   | HP: 2/74 [orc knight/+0 glaive (21)]
  7730 | Bailey   | Killed an orc knight
  7741 | Bailey   | Killed an orc knight
  7742 | Bailey   | Gained mutation: Spells you cast may paralyse adjacent
                  | enemies. [demonic ancestry]
  7742 | Bailey   | Reached XP level 10. HP: 21/82 MP: 1/10
  8217 | Bailey   | Identified the +2 pair of boots of Fallacy {rPois Will+}
  8783 | D:7      | Noticed a two-headed ogre
  8811 | D:7      | Killed a two-headed ogre
  9621 | D:8      | Identified the +2 hand axe "Udoho" {vamp, +Blink rElec
                  | Int+4 Dex-3}
 10506 | D:9      | Identified a scroll of acquirement
 10535 | D:9      | Acquired 945 gold pieces
 10777 | D:9      | Noticed a two-headed ogre
 10784 | D:9      | Killed a two-headed ogre
 11161 | D:9      | Gained mutation: Your magical and physical power is
                  | slightly enhanced at high health. [demonic ancestry]
 11161 | D:9      | Reached XP level 11. HP: 84/92 MP: 6/11
 11308 | D:9      | Identified the +0 robe "Teraoju" {Str+2 Int+3 Slay-3}
 11692 | D:10     | Entered Level 10 of the Dungeon
 11696 | D:10     | Reached skill level 1 in Stealth
 11749 | D:10     | Found a staircase to the Lair.
 12204 | D:10     | Noticed a two-headed ogre
 12217 | D:10     | Killed a two-headed ogre
 12707 | D:10     | Reached skill level 10 in Fighting
 13196 | D:1      | Bought the +7 sceptre of Torment {pain, torment} for 1560
                  | gold pieces
 13196 | D:1      | Found the +7 sceptre of Torment {pain, torment}
 13442 | Lair:1   | Entered Level 1 of the Lair of Beasts
 13704 | Lair:1   | Reached *** piety under Ashenzari
 13741 | Lair:1   | Reached skill level 5 in Armour
 13878 | Lair:1   | Identified the ring "Pagin" {Will+ AC+4 Int+6 Dex+2}
 14316 | Lair:2   | Noticed Nergalle
 14834 | Lair:1   | Killed Nergalle
 14936 | Lair:2   | Reached XP level 12. HP: 98/105 MP: 10/12
 14955 | Lair:2   | Found a hole to the Spider Nest.
 15180 | Lair:2   | Noticed a five-headed hydra
 15186 | Lair:2   | Killed a five-headed hydra
 15441 | Lair:2   | Noticed an eight-headed hydra
 15442 | Lair:2   | Noticed a five-headed hydra
 15449 | Lair:2   | Killed a five-headed hydra
 15450 | Lair:2   | Killed an eight-headed hydra
 15716 | Lair:2   | Found a staircase to the Swamp.
 16050 | Lair:3   | Noticed Amaemon
 16065 | Lair:3   | Killed Amaemon
 16310 | Lair:3   | Noticed a catoblepas
 16320 | Lair:3   | Killed a catoblepas
 16389 | Lair:3   | Noticed a death yak
 16393 | Lair:3   | Noticed a death yak
 16393 | Lair:3   | Noticed a death yak
 16398 | Lair:3   | Killed a death yak
 16401 | Lair:3   | Killed a death yak
 16405 | Lair:3   | Killed a death yak
 16696 | Lair:3   | Noticed an eight-headed hydra
 16703 | Lair:3   | Killed an eight-headed hydra
 17196 | Lair:4   | Reached XP level 13. HP: 73/112 MP: 10/13
 17677 | Lair:4   | Identified the +5 ring mail of the Realm of Zot {Harm rElec
                  | rN++ SInv}
 19120 | Lair:6   | Entered Level 6 of the Lair of Beasts
 19140 | Lair:6   | Reached skill level 15 in Maces & Flails
 19589 | Lair:6   | Found a staircase to the Slime Pits.
 20198 | Lair:6   | Found a runed translucent door.
 20209 | Lair:6   | Acquired the ring of Jealousy {rElec rF- Str+8 Dex+6
                  | Stlth-}
 20558 | Lair:6   | Paralysed by a hornet for 3 turns
 20865 | Lair:6   | Reached skill level 15 in Fighting
 21269 | D:11     | Found Jozomek's Antique Armour Shop.
 21392 | D:11     | Bought a runed hat for 203 gold pieces
 21399 | D:11     | Reached **** piety under Ashenzari
 21632 | D:11     | Found a portal to a secret trove of treasure.
 21853 | D:11     | Found a staircase to the Orcish Mines.
 21927 | Orc:1    | Entered Level 1 of the Orcish Mines
 21966 | Orc:2    | Entered Level 2 of the Orcish Mines
 21966 | Orc:2    | Noticed Sonja
 21977 | Orc:2    | Killed Sonja
 21978 | Orc:2    | Reached skill level 5 in Dodging
 21983 | Orc:2    | Found Tokuon's Assorted Antiques.
 22037 | Orc:2    | Bought a scroll of blinking for 225 gold pieces
 22114 | Orc:2    | Reached XP level 14. HP: 127/135 MP: 10/15
 22201 | Orc:2    | Found a staircase to the Elven Halls.
 22563 | Orc:2    | Found Iveklaw's Antique Weapon Shoppe.
 22563 | Orc:2    | Found Wune's Assorted Antiques.
 22564 | Orc:2    | Found Hohappuj's Antique Weapon Boutique.
 22564 | Orc:2    | Found Bitsol Gics's Armour Shoppe.
 22573 | Orc:2    | Bought the +3 pair of gauntlets of War {Slay+5} for 665
                  | gold pieces
 22573 | Orc:2    | Found the +3 pair of gauntlets of War {Slay+5}
 22599 | Orc:2    | Bought a scroll of teleportation for 93 gold pieces
 22804 | Orc:1    | Noticed Fannar
 22811 | Orc:1    | Killed Fannar
 23252 | Swamp:1  | Entered Level 1 of the Swamp
 23339 | Swamp:1  | Reached skill level 1 in Spellcasting
 24461 | Swamp:2  | Reached XP level 15. HP: 123/144 MP: 23/25
 24719 | Swamp:3  | Noticed a thorn hunter
 25025 | Swamp:3  | Killed a thorn hunter
 25303 | Swamp:3  | Identified the +5 rapier "Kaqila" {flame, Int+2 Dex+3}
 25790 | Temple   | Entered the Ecumenical Temple
 26142 | D:5      | Fell from the grace of Ashenzari
 26142 | D:5      | Became a worshipper of Warmaster Okawaru
 26402 | Swamp:4  | Entered Level 4 of the Swamp
 27639 | Swamp:4  | Noticed a fenstrider witch
 27646 | Swamp:4  | Killed a fenstrider witch
 27652 | Swamp:4  | Identified the +8 war axe of Esku {flame, Dex+3}
 27734 | Swamp:4  | Reached * piety under Okawaru
 27880 | Swamp:4  | Reached skill level 1 in Invocations
 27883 | Swamp:4  | HP: 6/132 [six-headed hydra (3)]
 27895 | Swamp:4  | Reached ** piety under Okawaru
 29065 | D:11     | Reached *** piety under Okawaru
 29723 | D:12     | Identified the +5 mace of the Extremes {freeze, rPois MP-9
                  | Int+2 Dex+3}
 30145 | D:12     | Noticed Erolcha
 30152 | D:12     | Killed Erolcha
 30531 | D:13     | Reached skill level 10 in Armour
 30545 | D:13     | Identified the +8 hunting sling of Currency {flame, Int+4}
 30590 | D:13     | Found Kaumae's Serpentskin Sales.
 30766 | Orc:2    | Reached **** piety under Okawaru
 30775 | Orc:2    | Bought the -2 hat of the Alchemist {rElec rPois rF+ rC+ rN+
                  | Will+ rMut rCorr} for 660 gold pieces
 30775 | Orc:2    | Found the -2 hat of the Alchemist {rElec rPois rF+ rC+ rN+
                  | Will+ rMut rCorr}
 31022 | D:13     | Noticed Kirke
 31040 | D:13     | Killed Kirke
 31041 | D:13     | Reached XP level 16. HP: 132/139 MP: 22/22
 31904 | D:13     | Reached skill level 5 in Invocations
 31956 | D:13     | Reached skill level 1 in Shields
 32280 | D:14     | Found a gate to the Vaults.
 32514 | D:14     | Reached ***** piety under Okawaru
 32689 | D:14     | Found a faded altar of an unknown god.
 32748 | D:14     | Found a transporter.
 32753 | D:14     | Noticed relicbr's ghost (journeyman NaIE)
 32754 | D:14     | Noticed a storm dragon
 32768 | D:14     | Received a gift from Okawaru
 32843 | D:14     | Found a transporter.
 33724 | D:15     | Entered Level 15 of the Dungeon
 34038 | D:14     | Killed relicbr's ghost
 34038 | D:14     | Received a gift from Okawaru
 34200 | D:14     | Slain by a storm dragon

Illustrated notes

Levels and vault maps discovered:
D:1:      erik_arrival_cave_to_civilisation [erik_arrival_cave_to_hall],
          layout_loops_corners, serial_shops, nicolae_shop_stone,
          bh_walls_and_bars
D:2:      layout_loops_corners
D:3:      layout_loops_ring, hellmonk_ecumenical_altar_leap_of_faith
D:4:      layout_basic, minmay_temple_entry_glass, serial_shops, shop,
          minivault_27, hangedman_decor_clover_reticule
D:5:      layout_loops_cross, gammafunk_temple_overflow_elements
D:6:      layout_basic, uniq_grinder, uniq_eustachio, uniq_pikel, uniq_edmund
D:7:      layout_rooms, enter_bailey_5, hangedman_misty_isle,
          uniq_prince_ribbit1
D:8:      layout_basic
D:9:      layout_layer_cave
D:10:     layout_grid_maze, erik_lair_island, grunt_ministairs_7
D:11:     layout_roguey [special_room_orc], erik_orc_1, serial_rivers,
          chequers_serial_rivers_micro_c, chequers_serial_rivers_marsh,
          chequers_serial_rivers_large_a, chequers_serial_rivers_micro_e,
          chequers_serial_rivers_marsh, serial_shops,
          nicolae_inconvenience_store, enter_trove_3
D:12:     layout_rooms, uniq_erolcha
D:13:     layout_roguey, guppyfry_shop_venom, uniq_kirke
D:14:     layout_irregular_city, david_vaults_5, kennysheep_another_room,
          gammafunk_ghost_berserking_beasts, serial_column_ruins,
          column_ruins_temple_circle, column_ruins_hut_water,
          column_ruins_open_tiny_water, column_ruins_open_medium,
          column_ruins_open_tiny_water, column_ruins_columns_water
D:15:     hangedman_depths_entry_try_elsewhere_first, layout_cave_pools,
          grunt_decor_junction, tso_metal_star
Temple:   mainiacjoe_temple_cubbyholes
Lair:1:   layout_gridlike, grunt_megastairs_4
Lair:2:   hellmonk_warped_wall, layout_cave_shapes, palyth_hydra_swamp_entry,
          nicolae_spider_entry_non_spiders, uniq_nergalle
Lair:3:   layout_gridlike, uniq_amaemon
Lair:4:   dreamdust_cave_troll, layout_hall_layers
Lair:5:   layout_loops_ring
Lair:6:   wormcave, layout_regular_city, slime_dummy
Swamp:1:  layout_basic_swamp, nicolae_swamp_tree_designs, swamp_pool1
Swamp:2:  layout_basic_swamp, hangedman_swamp_pad, infiniplex_staircase_pool
Swamp:3:  layout_basic_swamp, evilmike_swamp_ruin_house_1
Swamp:4:  nzn_swamp_witches_coven, layout_basic_swamp
Orc:1:    layout_caves, uniq_fannar
Orc:2:    st_orc_ogre_mass, layout_caves, serial_shops, shop_statue, uniq_sonja

Skill      XL: |  1  2  3  4  5  6  7  8  9 10 11 12 13 14 15 16 |
---------------+-------------------------------------------------+-----
Axes           | 3 |  3.2
Maces & Flails | 1 2 3 4 6 7 9 11 12 13 14 15 16 | 16.8
Armour         | 1 3 5 6 8 10 | 10.6
Fighting       | 3 5 7 9 10 12 15 16 | 16.6
Dodging        | 3 4 5 7 9 |  9.7
Stealth        | 1 |  1.3
Spellcasting   | 3 4 |  4.1
Invocations    | 4 6 |  6.5
Shields        | 4 |  4.0
Throwing       | |  1.7

Action                   |  1- 3 |  4- 6 |  7- 9 | 10-12 | 13-15 | 16-18 || total
-------------------------+-------+-------+-------+-------+-------+-------++-------
Melee: War axe           |    56 |       |       |       |       |       ||    56
       Mace              |    70 |    87 |    48 |       |       |       ||   205
       Punch             |     1 |     3 |     1 |     3 |    16 |       ||    24
       Flail             |       |       |    57 |       |       |       ||    57
       Dire flail        |       |       |   119 |   231 |       |       ||   350
       Eveningstar       |       |       |       |   199 |   835 |   139 ||  1173
Invok: Curse Item        |       |     2 |     2 |     1 |     2 |       ||     7
       Heroism           |       |       |       |       |     1 |     1 ||     2
Evoke: Wand              |       |       |     1 |       |       |       ||     1
  Use: Potion            |     5 |       |     4 |     1 |     8 |       ||    18
       Scroll            |     1 |     2 |     3 |     2 |     1 |     1 ||    10
 Stab: Sleeping          |     1 |       |       |       |       |       ||     1
       Confused          |       |       |       |       |     2 |       ||     2
       Invisible         |       |       |       |       |     5 |       ||     5
       Petrified         |       |       |       |       |       |     3 ||     3
       Petrifying        |       |       |       |       |       |     1 ||     1
Armor: Leather armour    |    43 |       |       |       |       |       ||    43
       Chain mail        |    28 |    69 |   135 |   253 |   271 |       ||   756
       Plate armour      |       |       |       |       |   253 |   213 ||   466
Dodge: Dodged            |   106 |    26 |    79 |   189 |   445 |   109 ||   954
Block: Buckler           |       |       |       |       |       |    48 ||    48

Table legend: (Time is in decaauts)
 A = Elapsed time spent in this place.
 B = Non-inter-level travel time spent in this place.
 C = Inter-level travel time spent in this place.
 D = Time resting spent in this place.
 E = Time spent auto-exploring this place.
 F = Levels seen in this place.
 G = Mean time per level.
                   A        B        C        D        E       F      G
               +--------+--------+--------+--------+--------+-----+--------+
         Total |  34155 |  31135 |   3020 |   7736 |  17759 |  29 | 1177.8 |
       Dungeon |  18582 |  16527 |   2055 |   3225 |  10391 |  15 | 1238.8 |
        Temple |    290 |    279 |     11 |      0 |    221 |   1 |  290.0 |
          Lair |   7948 |   7470 |    478 |   1736 |   4799 |   6 | 1324.7 |
         Swamp |   4932 |   4596 |    336 |   2040 |   1610 |   4 | 1233.0 |
  Orcish Mines |   1296 |   1157 |    139 |    197 |    601 |   2 |  648.0 |
        Bailey |   1104 |   1104 |      0 |    538 |    137 |   1 | 1104.0 |
               +--------+--------+--------+--------+--------+-----+--------+

Top non-repeatable levels by time:
 Swamp:4: 1972 daAuts
  Lair:6: 1953 daAuts
     D:1: 1868 daAuts
    D:11: 1769 daAuts
    D:10: 1746 daAuts
    D:14: 1671 daAuts
  Lair:1: 1611 daAuts
     D:5: 1423 daAuts
     D:6: 1388 daAuts
     D:7: 1283 daAuts
     D:9: 1246 daAuts
  Lair:2: 1218 daAuts
  Lair:3: 1211 daAuts
  Lair:4: 1191 daAuts
  Bailey: 1104 daAuts
